 Dungeon Crawl Stone Soup version 0.21.0-25-ge575cb9 (webtiles) character file.

86 Mgcat the Ruffian (level 4, 0/35 HPs)
             Began as a Draconian Transmuter on Jan 23, 2018.
             Succumbed to an adder's poison
             ... on level 3 of the Dungeon.
             The game lasted 00:03:21 (2319 turns).

Mgcat the Ruffian (Draconian Transmuter)            Turns: 2319, Time: 00:03:22

Health: 0/35       AC:  5    Str: 13    XL:     4   Next: 26%
Magic:  7/7        EV: 13    Int: 14    God:
Gold:   81         SH:  0    Dex: 11    Spells: 1/7 levels left

rFire    . . .     SeeInvis .     - Unarmed
rCold    . . .     Gourm    .   (no shield)
rNeg     . . .     Faith    .   (armour unavailable)
rPois    .         Spirit   .   (helmet restricted)
rElec    .         Reflect  .   (no cloak)
rCorr    .         Harm     .   (no gloves)
MR       .....                  (no boots)
Stlth    +.........             (no amulet)
HPRegen  0.11/turn              g - +1 ring of evasion
MPRegen  0.10/turn              (no ring)

@: lethally poisoned (0 -> -7), invisible
A: unfitting armour, cold-blooded, AC +5
a: no special abilities


You were on level 3 of the Dungeon.
You were hungry.

You visited 1 branch of the dungeon, and saw 3 of its levels.

You collected 81 gold pieces.

Inventory:

Missiles
 a - 47 arrows
Jewellery
 g - a +1 ring of evasion (left hand)
Scrolls
 d - a scroll of random uselessness {unknown}
 e - a scroll of noise {unknown}
 i - 2 scrolls of identify {unknown}
 j - a scroll of amnesia {unknown}
 k - a scroll of enchant armour {unknown}
 n - 2 scrolls of teleportation {unknown}
Potions
 h - a potion of haste {unknown}
 m - a potion of curing {unknown}
 o - a potion of brilliance {unknown}
Books
 b - a book of Changes

   Spells                             Type                      Level
   a - Beastly Appendage              Transmutation                1
   b - Sticks to Snakes               Transmutation                2
   c - Spider Form                    Transmutation/Poison         3
   d - Ice Form                       Ice/Transmutation            4
   e - Blade Hands                    Transmutation                5
Comestibles
 c - 6 rations
 l - 6 chunks of flesh


   Skills:
 - Level 1.1 Fighting
 - Level 1.7 Dodging
 + Level 5.1 Unarmed Combat
 - Level 2.0 Spellcasting
 - Level 2.0 Transmutations


You had one spell level left.
You knew the following spells:

 Your Spells              Type           Power        Failure   Level  Hunger
a - Beastly Appendage     Tmut           #.....       11%         1    ##.....
b - Sticks to Snakes      Tmut           #.......     16%         2    ###....
c - Spider Form           Tmut/Pois      #.........   43%         3    ####...


Dungeon Overview and Level Annotations

Branches:
Dungeon (3/15)

Altars:
Fedhas
Gozag
Hepliaklqana
Ru
Wu Jian
Xom


Innate Abilities, Weirdness & Mutations

Your plain brown scales are hard. (AC +5)
You cannot fit into any form of body armour.
You are cold-blooded and may be slowed by cold attacks.


Message History

The adder is moderately wounded.
* * * LOW HITPOINT WARNING * * *
You feel sick. The adder closely misses you.
You hit the adder but do no damage.
Your tail-slap misses the adder.
The adder is moderately wounded.
* * * LOW HITPOINT WARNING * * *
You feel sick. The adder completely misses you.
The adder bites you but does no damage.
You hit the adder. Your punch misses the adder.
The adder is moderately wounded.
* * * LOW HITPOINT WARNING * * *
You feel sick. The adder bites you but does no damage.
You punch the adder!
You kill the adder!
* * * LOW HITPOINT WARNING * * *
You feel sick.
You see here an adder corpse.
It was a potion of invisibility.
You fade into invisibility!
You die...

#.# #...........# .. #.#
#......)....# # .. #.#
#####..###..##..
###.#####....# ......
#...##....#.####.....#
#......#...รท.........##
#......#.##.####.......
##........##.###........
#.........#@.#..........
#.#............##.$....#
######.#...#.#####....(##
..# .............#
###....#....
.........##### #.......#
.........# #.......#
.........# #....#..#
.........# ##......#
.........# .........


There were no monsters in sight!

Vanquished Creatures
  3 adders
  4 dart slugs
  A leopard gecko (D:1)
  3 giant cockroaches
  7 goblins
  7 hobgoblins
  3 jackals (D:3)
  5 bats
  3 frilled lizards
  8 kobolds
  3 rats
47 creatures vanquished.

Notes
Turn   | Place    | Note
-------+----------+-------------------------------------------
     0 | D:1      | Mgcat the Draconian Transmuter began the quest for the Orb.
     0 | D:1      | Reached XP level 1. HP: 16/16 MP: 3/3
   245 | D:1      | Reached XP level 2. HP: 8/23 MP: 5/5
   919 | D:1      | Reached skill level 4 in Unarmed Combat
  1135 | D:2      | Found an ornate altar of the Wu Jian Council.
  1165 | D:2      | Reached XP level 3. HP: 18/28 MP: 6/6
  1655 | D:2      | Found a hazy altar of Hepliaklqana.
  1656 | D:2      | Found a shimmering altar of Xom.
  1656 | D:2      | Noticed a wyvern
  1657 | D:2      | Noticed a wyvern
  1657 | D:2      | Noticed a spectral ugly thing
  1962 | D:2      | Found a sacrificial altar of Ru.
  1962 | D:2      | Found a blossoming altar of Fedhas.
  2071 | D:3      | Found an opulent altar of Gozag.
  2144 | D:3      | Reached XP level 4. HP: 28/35 MP: 7/7
  2164 | D:3      | Reached skill level 5 in Unarmed Combat
  2237 | D:3      | Learned a level 2 spell: Sticks to Snakes
  2241 | D:3      | Learned a level 3 spell: Spider Form
  2318 | D:3      | HP: 1/35 [poisoned by an adder]
  2319 | D:3      | Succumbed to an adder's poison

Skill      XL: |  1  2  3  4 |
---------------+-------------+-----
Unarmed Combat | 4 5 |  5.1
Fighting       | |  1.1
Dodging        | |  1.7
Spellcasting   | |  2.0
Transmutations | |  2.0

Action                   |  1- 3 |  4- 6 || total
-------------------------+-------+-------++-------
Melee: Unarmed           |   144 |    39 ||   183
       Tailslap          |    11 |     4 ||    15
       Punch             |     1 |       ||     1
  Use: Potion            |       |     1 ||     1
 Stab: Sleeping          |     1 |       ||     1
  Eat: Chunk             |     4 |       ||     4
Armor: Skin              |    26 |    15 ||    41
Dodge: Dodged            |    82 |    38 ||   120
